 Dungeon Crawl Stone Soup version 0.21-a0-404-g291f19a (webtiles) character file.

5542 sagitran the Carver (level 10, 0/76 HPs)
             Began as a Demonspawn Gladiator on Oct 29, 2017.
             Slain by a centaur warrior skeleton (5 damage)
             ... on level 10 of the Dungeon.
             The game lasted 01:00:10 (9536 turns).

sagitran the Carver (Demonspawn Gladiator)          Turns: 9536, Time: 01:00:11

Health: 0/76       AC: 10    Str: 20    XL:     10   Next: 43%
Magic:  10/10      EV: 15    Int:  9    God:
Gold:   531        SH:  0    Dex: 16    Spells: 6/9 levels left

rFire    + . .     SeeInvis +   a - +0 long sword
rCold    . . .     Gourm    .   (no shield)
rNeg     . . .     Faith    .   b - +0 leather armour
rPois    .         Spirit   .   (helmet unavailable)
rElec    .         Reflect  .   u - +2 cloak {+Inv}
rCorr    .         Harm     .   L - +0 pair of gloves
MR       +....                  (boots unavailable)
Stlth    +++.......             (no amulet)
HPRegen  0.22/turn              X - ring of see invisible
MPRegen  0.12/turn              n - +3 ring of strength

@: very slightly contaminated, invisible
A: horns 3, talons 3, icy blue scales 1, blurry vision 1, demonic guardian 1,
fire resistance 1, low mp 1, magic resistance 1, spiny 2, no potion heal 1
a: no special abilities


You were on level 10 of the Dungeon.
You were not hungry.

You visited 3 branches of the dungeon, and saw 12 of its levels.
You also visited: Ossuary.

You collected 531 gold pieces.

Inventory:

Hand Weapons
 a - a +0 long sword (weapon)
Missiles
 d - a throwing net
 q - 5 tomahawks (quivered)
Armour
 b - a +0 leather armour (worn)
 u - a +2 cloak of invisibility (worn)
 L - a +0 pair of gloves (worn)
Magical Staves
 S - an uncursed staff of summoning
Jewellery
 e - an uncursed ring of protection from fire
 n - a +3 ring of strength (right hand)
 O - a +4 ring of evasion
 X - a ring of see invisible (left hand)
Wands
 t - a wand of clouds (0/9)
 U - a wand of disintegration (0/24)
 W - a wand of confusion (19/48)
 Y - a wand of iceblast (6/15)
Scrolls
 h - 2 scrolls of enchant armour
 j - 4 scrolls of remove curse
 p - 15 scrolls of teleportation
 r - a scroll of fog {unknown}
 s - 5 scrolls of amnesia
 v - a scroll of recharging {unknown}
 y - 3 scrolls of enchant weapon
 A - a scroll of immolation {unknown}
 E - 2 scrolls of blinking
 F - 4 scrolls of identify
 N - a scroll of magic mapping {unknown}
 P - 2 scrolls of vulnerability {unknown}
 T - a scroll of noise {unknown}
 Z - a scroll of brand weapon {unknown}
Potions
 c - 2 potions of lignification
 g - 2 potions of ambrosia
 i - a potion of magic {unknown}
 l - 5 potions of curing
 m - 5 potions of heal wounds
 w - 2 potions of resistance
 x - a potion of haste {unknown}
 z - 3 potions of might
 B - a potion of flight {unknown}
 C - a potion of brilliance {unknown}
 J - a potion of agility {unknown}
 K - a potion of mutation {unknown}
 M - a potion of berserk rage {unknown}
Books
 I - a book of Beasts

   Spells                             Type                      Level
   a - Summon Butterflies             Summoning                    1
   b - Call Canine Familiar           Summoning                    3
   c - Summon Ice Beast               Ice/Summoning                4
   d - Summon Mana Viper              Hexes/Summoning              5
   e - Summon Hydra                   Summoning                    7
 R - a book of Changes

   Spells                             Type                      Level
   a - Beastly Appendage              Transmutation                1
   b - Sticks to Snakes               Transmutation                2
   c - Spider Form                    Transmutation/Poison         3
   d - Ice Form                       Ice/Transmutation            4
   e - Blade Hands                    Transmutation                5
 V - a book of Maledictions

   Spells                             Type                      Level
   a - Corona                         Hexes                        1
   b - Ensorcelled Hibernation        Hexes/Ice                    2
   c - Confuse                        Hexes                        3
   d - Tukima's Dance                 Hexes                        3
   e - Dazzling Spray                 Conjuration/Hexes            3
Miscellaneous
 D - a phial of floods
Comestibles
 f - 9 bread rations
 k - 4 royal jellies
 G - 3 meat rations
 H - 4 fruits
 Q - 3 chunks of flesh


   Skills:
 + Level 6.2 Fighting
 + Level 10.3 Long Blades
 + Level 3.6 Throwing
 + Level 4.5 Armour
 + Level 5.1 Dodging
 + Level 4.8 Stealth
 + Level 1.7 Evocations


You had 6 spell levels left.
You knew the following spells:

 Your Spells              Type           Power        Failure   Level  Hunger
a - Confuse               Hex            #.......     80%         3    ####...


Dungeon Overview and Level Annotations

Branches:
Dungeon (10/15)            Temple (1/1) D:4            Lair (1/6) D:8
    Orc: D:9-12

Altars:
Ashenzari
Cheibriados
Dithmenos
Elyvilon
Fedhas
Gozag
Hepliaklqana
Kikubaaqudgha
Makhleb
Nemelex Xobeh
Okawaru
Qazlal
Ru
Sif Muna
Trog
Uskayaw
Vehumet
Wu Jian
Xom
Yredelemnul
Zin
The Shining One

Shops:
D:5 (   D:9 *

Annotations:
D:10 Grum


Innate Abilities, Weirdness & Mutations

You have a pair of large horns on your head.
You are partially covered in icy blue scales. (AC +2)
A weak demonic guardian rushes to your aid.
You are mostly covered in sharp spines.
You have claws for feet.
Scrolls take you a little longer to read.
Your flesh is heat resistant. (rF+)
Your magical capacity is low. (-10% MP)
You are resistant to hostile enchantments. (MR+)
Potions are less effective at restoring your health.


Message History

The troll claws you.
* * * LOW HITPOINT WARNING * * *
Grum is struck by your spines. Grum closely misses you.
You riposte.
You barely miss Grum. You claw Grum.
Grum is moderately wounded.
Okay, then.
You fade into invisibility!
The centaur warrior skeleton is struck by your spines.
The centaur warrior skeleton barely misses you.
You riposte.
You hit the centaur warrior skeleton. You claw the centaur warrior skeleton.
You headbutt the centaur warrior skeleton!
The centaur warrior skeleton is severely damaged.
Grum is struck by your spines. Grum barely misses you.
The troll is struck by your spines. The troll bites you!
* * * LOW HITPOINT WARNING * * *
The troll misses you. The troll closely misses you.
You are very lightly contaminated with residual magic.
The centaur warrior skeleton hits you.
You die...

.# ####..##.#
##...#.##.# ##
##.##.##
#..###.##.#
#.##..# #.#
#.##.#
#.###.###.## #.#
#..........# #.#
#######..#.#
#####..#.####.#.
................
##....@5####...
#...####ZF?#
#.## #Tgh.....
.. ##......(
....... .......
##..###..
.......
#........
.......
#........
.......


You could see Grum, a troll, a wolf, a bullfrog, a centaur warrior skeleton and
a friendly iron imp.

Vanquished Creatures
  A two-headed ogre (D:9)
  Pikel (D:8)
  An ugly thing (D:7)
  Maurice (D:8)
  The ghost of sagitran the Slasher, an amateur DsGl (D:3)
  A hippogriff (D:7)
  A wyvern (D:10)
  The ghost of KristoblXynda the Ducker, an amateur SpBe of Trog (D:4)
  5 sky beasts
  A slave (D:8)
  An orc warrior (D:9)
  A black bear (D:6)
  A phantom (D:5)
  An ice beast (D:6)
  3 wolves (D:10)
  2 ogres
  A centaur (D:8)
  3 bullfrogs
  3 water moccasin zombies (Ossuary)
  A wyvern skeleton (D:8)
  4 scorpions
  5 howler monkeys
  2 hounds (D:4)
  6 jellies
  Crazy Yiuf (D:4)
  4 orc wizards
  2 orc priests
  Natasha (thrice) (D:3)
  8 worker ants
  3 big kobold zombies (Ossuary)
  3 mummies
  A howler monkey zombie (D:10)
  A worker ant zombie (D:6)
  9 adders
  4 gnolls
  6 shadow imps
  An ooze (D:1)
  2 adder zombies
  4 worms
  An adder skeleton (D:6)
  3 dart slugs
  2 leopard geckos
  25 orcs
  2 ball pythons (D:5)
  5 giant cockroaches
  8 goblins
  4 hobgoblins
  5 jackals
  8 bats
  4 frilled lizards
  A giant cockroach zombie (D:6)
  3 gnoll zombies (Ossuary)
  3 hobgoblin zombies
  A jackal zombie (D:8)
  8 kobolds
  4 kobold zombies
  A leopard gecko skeleton (D:4)
  8 orc zombies (Ossuary)
  A quokka zombie (D:8)
  6 rats
203 creatures vanquished.

Vanquished Creatures (collateral kills)
  A troll (D:8)
  A hungry ghost (D:8)
  An ogre (D:4)
  A water moccasin zombie (Ossuary)
  A worker ant (D:5)
  A gnoll (D:1)
  An adder (D:8)
  An ooze (D:3)
  3 dart slugs
  A giant cockroach (D:5)
  A jackal (D:1)
  A jackal skeleton (D:5)
  2 rats
16 creatures vanquished.

Vanquished Creatures (others)
  A slave (D:8)
  A worker ant (D:8)
  2 adders (D:8)
4 creatures vanquished.

Grand Total: 223 creatures vanquished

Notes
Turn   | Place    | Note
-------+----------+-------------------------------------------
     0 | D:1      | sagitran the Demonspawn Gladiator began the quest for the Orb.
     0 | D:1      | Reached XP level 1. HP: 16/16 MP: 1/1
   198 | D:1      | Reached skill level 3 in Long Blades
   198 | D:1      | Gained mutation: A weak demonic guardian rushes to your aid. [demonic ancestry]
   198 | D:1      | Reached XP level 2. HP: 22/22 MP: 2/2
   301 | D:1      | Gained mutation: You are partially covered in icy blue scales. (AC +2) [demonic ancestry]
   301 | D:1      | Reached XP level 3. HP: 15/27 MP: 3/3
  1498 | D:1      | Gained mutation: You are partially covered in sharp spines. [demonic ancestry]
  1498 | D:1      | Reached XP level 4. HP: 25/33 MP: 4/4
  1575 | D:2      | Reached skill level 4 in Long Blades
  1575 | D:2      | Reached skill level 1 in Armour
  1730 | D:2      | Found a faded altar of an unknown god.
  1999 | D:3      | Noticed sagitran's ghost (amateur DsGl)
  2032 | D:3      | Killed sagitran's ghost
  2032 | D:3      | Reached XP level 5. HP: 40/40 MP: 5/5
  2032 | D:3      | Gained mutation: You have a pair of small horns on your head. [demonic ancestry]
  2032 | D:3      | Reached XP level 6. HP: 46/46 MP: 6/6
  2154 | D:3      | Noticed Natasha
  2396 | D:3      | Killed Natasha
  2396 | D:3      | Reached skill level 5 in Long Blades
  2409 | D:3      | Noticed Natasha
  2413 | D:3      | Killed Natasha
  2832 | D:3      | Noticed Natasha
  2840 | D:3      | Killed Natasha
  2840 | D:3      | Reached skill level 1 in Stealth
  3117 | D:4      | Found a radiant altar of Vehumet.
  3299 | D:4      | Gained mutation: You have a pair of horns on your head. [demonic ancestry]
  3299 | D:4      | Reached XP level 7. HP: 51/52 MP: 7/7
  3313 | D:4      | Found a runed door.
  3317 | D:4      | Noticed Crazy Yiuf
  3325 | D:4      | Killed Crazy Yiuf
  3376 | D:4      | Noticed KristoblXynda's ghost (amateur SpBe)
  3396 | D:4      | Killed KristoblXynda's ghost
  3613 | D:4      | Found a staircase to the Ecumenical Temple.
  3649 | Temple   | Entered the Ecumenical Temple
  3791 | D:4      | Reached skill level 6 in Long Blades
  4296 | D:5      | Entered Level 5 of the Dungeon
  4296 | D:5      | Found Emapruc's Antique Weapon Boutique.
  4306 | D:5      | Found a basalt altar of Yredelemnul.
  4369 | D:5      | Found a sand-covered staircase.
  4399 | Ossuary  | Entered an ossuary
  4590 | Ossuary  | Gained mutation: You have a pair of large horns on your head. [demonic ancestry]
  4590 | Ossuary  | Reached XP level 8. HP: 59/59 MP: 8/8
  4761 | D:5      | Found a snail-covered altar of Cheibriados.
  4798 | D:5      | Reached skill level 7 in Long Blades
  4948 | D:5      | Gained mutation: You possess an exceptional clarity of mind. [mutagenic meat]
  4950 | D:5      | Gained mutation: You are resistant to hostile enchantments. (MR+) [mutagenic meat]
  4951 | D:5      | Gained mutation: Your flesh is heat resistant. (rF+) [mutagenic meat]
  4952 | D:5      | Lost mutation: You possess an exceptional clarity of mind. [mutagenic meat]
  4953 | D:5      | Gained mutation: You have sharp toenails. [mutagenic meat]
  5894 | D:6      | Reached skill level 8 in Long Blades
  6104 | D:6      | Reached XP level 9. HP: 67/67 MP: 9/9
  6147 | D:6      | Gained mutation: You have razor-sharp toenails. [mutagenic meat]
  6148 | D:6      | Gained mutation: You have claws for feet. [mutagenic meat]
  6149 | D:6      | Gained mutation: Potions are less effective at restoring your health. [mutagenic meat]
  6150 | D:6      | Gained mutation: Scrolls take you a little longer to read. [mutagenic meat]
  6179 | D:6      | Reached skill level 5 in Fighting
  6860 | D:7      | Found a sacrificial altar of Ru.
  6960 | D:7      | Learned a level 3 spell: Confuse
  6981 | D:7      | Noticed a green ugly thing
  7002 | D:7      | Gained mutation: Your magical capacity is low. (-10% MP) [mutagenic meat]
  7016 | D:7      | Found a deep blue altar of Sif Muna.
  7021 | D:7      | Killed a green ugly thing
  7021 | D:7      | Reached skill level 9 in Long Blades
  7556 | D:8      | Noticed Pikel
  7598 | D:8      | Killed Pikel
  7680 | D:8      | Noticed a troll
  7690 | D:8      | Killed a troll
  7761 | D:8      | Gained mutation: You are mostly covered in sharp spines. [demonic ancestry]
  7761 | D:8      | Reached XP level 10. HP: 76/76 MP: 9/9
  7950 | D:8      | Noticed Maurice
  7961 | D:8      | Killed Maurice
  7961 | D:8      | Reached skill level 5 in Dodging
  7961 | D:8      | Reached skill level 1 in Evocations
  8091 | D:8      | Found a staircase to the Lair.
  8205 | Lair:1   | Entered Level 1 of the Lair of Beasts
  8206 | Lair:1   | Noticed a black mamba
  8403 | D:9      | Reached skill level 10 in Long Blades
  8427 | D:9      | Found a stormy altar of Qazlal.
  8585 | D:9      | Found a snail-covered altar of Cheibriados.
  8585 | D:9      | Found a glowing golden altar of the Shining One.
  8598 | D:9      | Found a bloodstained altar of Trog.
  8600 | D:9      | Found a basalt altar of Yredelemnul.
  8600 | D:9      | Found an ornate altar of the Wu Jian Council.
  8600 | D:9      | Found a stormy altar of Qazlal.
  8605 | D:9      | Found an iron altar of Okawaru.
  8712 | D:9      | Noticed a two-headed ogre
  8833 | D:9      | Killed a two-headed ogre
  9123 | D:9      | Found an opulent altar of Gozag.
  9126 | D:9      | Found Gozag's Platinum Reserve.
  9210 | D:10     | Entered Level 10 of the Dungeon
  9210 | D:10     | Noticed Grum
  9536 | D:10     | Slain by a centaur warrior skeleton

Vault maps used:
D:1:      dpeg_arrival_refuge
D:2:      chequers_ecumenical_altar_island
D:3:      first_bread, uniq_natasha
D:4:      cheibrodos_old_hovel, nicolae_overflow_crystal_walls,
          lemuel_temple_firewalk_a, uniq_crazy_yiuf_cottage
D:5:      portal_sewer_entry_e, nicolae_ossuary_entry_giza, serial_shops, shop,
          basic_altar, kennysheep_slug_shrine
D:7:      lemuel_round_altar, basic_altar
D:8:      lair_entry_dummy, uniq_maurice, uniq_pikel
D:9:      minitemple, nicolae_gozag_zags_fifth_avenue, basic_altar
D:10:     uniq_nergalle, uniq_josephine, uniq_grum
Temple:   nicolae_temple_x_marks_the_god
Lair:1:   minmay_holes, uniq_joseph
Ossuary:  ossuary_tomb_2

Skill      XL: |  1  2  3  4  5  6  7  8  9 10 |
---------------+-------------------------------+-----
Long Blades    | 3 4 5 6 8 9 10 | 10.3
Dodging        | 3 4 5 |  5.1
Armour         | 2 3 4 |  4.5
Fighting       | 3 4 5 6 |  6.2
Stealth        | 1 2 3 4 |  4.8
Throwing       | 2 3 |  3.6
Evocations     | 1 |  1.7

Action                   |  1- 3 |  4- 6 |  7- 9 | 10-12 || total
-------------------------+-------+-------+-------+-------++-------
Melee: Long sword        |    99 |    60 |   254 |    50 ||   463
       Headbutt          |       |     4 |    58 |    11 ||    73
       Kick              |       |       |    42 |    19 ||    61
Throw: Tomahawk          |       |     3 |    16 |     4 ||    23
       Throwing net      |       |     1 |     5 |       ||     6
Evoke: Wand              |       |     3 |       |     8 ||    11
  Use: Potion            |     1 |       |     2 |     2 ||     5
       Scroll            |       |     4 |     5 |     7 ||    16
 Stab: Sleeping          |       |     3 |     4 |     2 ||     9
       Held in net/web   |       |       |     2 |       ||     2
       Invisible         |       |       |       |     1 ||     1
  Eat: Chunk             |     2 |     6 |    21 |     5 ||    34
       Royal jelly       |       |       |     1 |       ||     1
       Fruit             |       |       |     4 |     1 ||     5
Armor: Leather armour    |    32 |    15 |    97 |    11 ||   155
Dodge: Dodged            |    99 |    38 |   136 |    36 ||   309
       Rpst.: Long sword |    27 |     7 |    38 |     7 ||    79

Table legend:
 A = Spawn XP
 B = Non-spawn XP
 C = Spawn XP percentage of total XP
 D = Spawn monster count
 E = Non-spawn monster count
 F = Spawn count percentage of total count
 G = Total turns spent on level
                    A         B        C        D         E        F      G
               +---------+---------+-------+---------+---------+-------+---------
         Total |       0 |    7918 |   0.0 |       0 |     218 |   0.0 |  9536
               +---------+---------+-------+---------+---------+-------+---------
           D:1 |       0 |      88 |   0.0 |       0 |      30 |   0.0 |  1125
           D:2 |       0 |      63 |   0.0 |       0 |      12 |   0.0 |   961
           D:3 |       0 |     455 |   0.0 |       0 |      28 |   0.0 |   796
           D:4 |       0 |     607 |   0.0 |       0 |      25 |   0.0 |  1352
           D:5 |       0 |     787 |   0.0 |       0 |      33 |   0.0 |  1270
           D:6 |       0 |     793 |   0.0 |       0 |      19 |   0.0 |   878
           D:7 |       0 |    1056 |   0.0 |       0 |      12 |   0.0 |   697
           D:8 |       0 |    1877 |   0.0 |       0 |      15 |   0.0 |   775
           D:9 |       0 |    1062 |   0.0 |       0 |       9 |   0.0 |  1019
          D:10 |       0 |     699 |   0.0 |       0 |       9 |   0.0 |   263
       Ossuary |       0 |     431 |   0.0 |       0 |      26 |   0.0 |   334
               +---------+---------+-------+---------+---------+-------+---------
